 Dungeon Crawl Stone Soup version 0.29-a0-233-g1125b37a9b (webtiles) character file.

Game seed: 5102191376747585936

84 Hubjo the Sneak (level 4, -1/32 HPs)
             Began as a Vampire Enchanter on Mar 1, 2022.
             Slain by a gnoll
             ... wielding a +0 whip
              (5 damage)
             ... on level 2 of the Dungeon.
             The game lasted 00:03:22 (1882 turns).

Hubjo the Sneak (Vampire Enchanter)                 Turns: 1882, Time: 00:03:23

Health: -1/32      AC:  2    Str: 13    XL:     4   Next: 23%
Magic:  1/7        EV: 13    Int: 23    God:
Gold:   19         SH:  0    Dex: 16    Spells: 1/7 levels left

rFire   . . .      SeeInvis +   d - +7 hand axe of the Onslaught {flame, *Corrode Str+6}
rCold   . . .      Faith    .   (no shield)
rNeg    . . .      Spirit   .   b - +0 robe
rPois   .          Reflect  .   (no helmet)
rElec   .          Harm     .   (no cloak)
rCorr   .          Rampage  .   (no gloves)
Will    .....                   (no boots)
Stlth   +++.......              (no amulet)
HPRegen 0.30/turn               c - +6 ring of intelligence
MPRegen 0.10/turn               (no ring)

@: very slightly contaminated, healing quickly
A: alive, fangs 3, see invisible, vampiric 2
a: Exsanguinate


You were on level 2 of the Dungeon.
You visited 1 branch of the dungeon, and saw 2 of its levels.

You collected 19 gold pieces.

Inventory:

Hand Weapons
 a - a +1 dagger
 d - the +7 hand axe of the Onslaught (weapon) {flame, *Corrode Str+6}
   (You found it on level 2 of the Dungeon)

   It burns those it strikes, dealing additional fire damage.
   Big, fiery blades are also staple armaments of hydra-hunters.
   Str:       It affects your strength (+6).
   *Corrode:  It may corrode you when you take damage.
Armour
 b - a +0 robe (worn)
Jewellery
 c - a +6 ring of intelligence (left hand)


   Skills:
 * Level 1.5 Fighting
 - Level 1.5 Short Blades
 * Level 1.1 Axes
 + Level 2.7 Dodging
 * Level 5.4 Stealth
 - Level 2.0 Spellcasting
 + Level 5.0 Hexes


You had one spell level left.
You knew the following spells:

 Your Spells              Type           Power      Damage    Failure   Level
a - Tukima's Dance        Hex            25%        N/A       4%          3
b - Dazzling Flash        Conj/Hex       26%        N/A       14%         3

Your spell library contained the following spells:

 Spells                   Type           Power      Damage    Failure   Level
 Confusing Touch          Hex            25%        N/A       4%          3
 Ensorcelled Hibernation  Hex/Ice        26%        N/A       7%          2


Dungeon Overview and Level Annotations

Branches:
Dungeon (2/15)

Altars:


Innate Abilities, Weirdness & Mutations

Your natural rate of healing is accelerated.
You have razor-sharp teeth.
You have supernaturally acute eyesight. (SInv)
You are afflicted with vampirism and can become a bat while bloodless.


Message History

The gnoll shouts!
The gnoll hits you from afar with a +0 spear!
The gnoll hits you from afar with a +0 spear.
The gnoll misses you.
The gnoll shouts!
The giant cockroach bites you but does no damage.
You slash the giant cockroach! You burn the giant cockroach.
You kill the giant cockroach!
You slash the gnoll! You burn the gnoll. You bite the gnoll, but do no damage.
The gnoll is severely wounded.
The gnoll closely misses you. The gnoll misses you.
You barely miss the gnoll.
The gnoll is severely wounded.
The gnoll hits you with a +0 whip.
The gnoll hits you from afar with a +0 spear!
* * * LOW HITPOINT WARNING * * *
You barely miss the gnoll. The gnoll barely misses you.
The gnoll closely misses you. The gnoll misses you.
You slash the gnoll! You burn the gnoll. You bite the gnoll, but do no damage.
The gnoll is severely wounded.
The gnoll closely misses you. The gnoll barely misses you.
You hit the gnoll. You burn the gnoll.
You kill the gnoll!
The gnoll hits you from afar with a +0 spear.
* * * LOW HITPOINT WARNING * * *
Your Hexes skill increases to level 5!
Cast which spell? (? or * to list)
The spell is quite dangerous to miscast (14% risk of failure)!
Continue anyway?
Casting: Dazzling Flash (quite dangerous; 14% risk of failure)
Press: ? - help, Dir - look around, f - activate You miscast Dazzling Flash.
You are very lightly contaminated with residual magic.
Nothing appears to happen.
The gnoll barely misses you. x2
Casting: Dazzling Flash (quite dangerous; 14% risk of failure)
Confirm with . or Enter, or press ? or * to list all spells.
The spell is quite dangerous to miscast (14% risk of failure)!
Continue anyway?
Casting: Dazzling Flash (quite dangerous; 14% risk of failure)
Press: ? - help, Dir - look around, f - activate The gnoll is dazzled. x2; The gnoll hits you with a +0 whip.
You die...

##############
#............#
#.†..........#
#####............#
..(..............#
..###............#
#.###............######..
.........................
#.########.#####@########
#.# #..# #g# ..######
##.# #..g# ##.....# #...#
#.....# #...# #.....#
##+## #.....#####.l
##............
÷....#.######.


You could see 2 gnolls.

Vanquished Creatures
  Jessica (D:2)
  A gnoll (D:2)
  An adder (D:2)
  2 worms (D:2)
  A dart slug (D:2)
  3 ball pythons
  2 bats
  An endoplasm (D:2)
  A giant cockroach (D:2)
  3 hobgoblins
  4 jackals (D:2)
  3 quokkas
  4 frilled lizards
  A goblin (D:1)
  3 kobolds
31 creatures vanquished.

Notes
Turn   | Place    | Note
-------+----------+-------------------------------------------
     0 | D:1      | Hubjo the Vampire Enchanter began the quest for the Orb.
     0 | D:1      | Reached XP level 1. HP: 13/13 MP: 3/3
    28 | D:1      | Found a faded altar of an unknown god.
   811 | D:1      | Reached XP level 2. HP: 20/20 MP: 5/5
  1300 | D:2      | HP: 1/20 [quokka (1)]
  1382 | D:2      | Identified the +7 hand axe of the Onslaught {flame,
                  | *Corrode Str+6}
  1405 | D:2      | Reached skill level 1 in Fighting
  1422 | D:2      | Reached skill level 5 in Stealth
  1441 | D:2      | Gained mutation: You are afflicted with vampirism and can
                  | become a bat while bloodless. [Vampire growth]
  1441 | D:2      | Reached XP level 3. HP: 7/26 MP: 6/6
  1774 | D:2      | Noticed Jessica
  1788 | D:2      | Killed Jessica
  1789 | D:2      | Reached skill level 1 in Axes
  1789 | D:2      | Reached XP level 4. HP: 19/32 MP: 7/7
  1793 | D:2      | Learned a level 3 spell: Tukima's Dance
  1797 | D:2      | Learned a level 3 spell: Dazzling Flash
  1881 | D:2      | Reached skill level 5 in Hexes
  1882 | D:2      | Slain by a gnoll

Illustrated notes

Levels and vault maps discovered:
D:1:      amcnicky_arrival_flooded_fountain, layout_basic,
          chequers_ecumenical_altar_simple
D:2:      wander_river, layout_basic, uniq_natasha, uniq_jessica

Skill      XL: |  1  2  3  4 |
---------------+-------------+-----
Fighting       | 1 |  1.5
Stealth        | 5 |  5.4
Axes           | 1 |  1.1
Hexes          | 5 |  5.0
Short Blades   | |  1.5
Dodging        | |  2.7
Spellcasting   | |  2.0

Action                   |  1- 3 |  4- 6 || total
-------------------------+-------+-------++-------
Melee: Dagger            |    66 |       ||    66
       Bite              |     6 |     2 ||     8
       Hand axe          |    16 |     8 ||    24
 Cast: Dazzling Flash    |       |     1 ||     1
  Use: Potion            |     5 |       ||     5
       Scroll            |     1 |       ||     1
 Stab: Sleeping          |     5 |     1 ||     6
       Invisible         |     1 |       ||     1
Armor: Robe              |    11 |     1 ||    12
Dodge: Dodged            |    41 |    11 ||    52

Table legend: (Time is in decaauts)
 A = Elapsed time spent in this place.
 B = Non-inter-level travel time spent in this place.
 C = Inter-level travel time spent in this place.
 D = Time resting spent in this place.
 E = Time spent auto-exploring this place.
 F = Levels seen in this place.
 G = Mean time per level.
                   A        B        C        D        E       F      G
               +--------+--------+--------+--------+--------+-----+--------+
         Total |   1887 |   1641 |    246 |    322 |   1086 |   2 |  943.5 |
       Dungeon |   1887 |   1641 |    246 |    322 |   1086 |   2 |  943.5 |
               +--------+--------+--------+--------+--------+-----+--------+

Top non-repeatable levels by time:
     D:1: 1241 daAuts
     D:2: 645 daAuts
